 Dungeon Crawl Stone Soup version 0.31-a0-83-gbff143cfd1 (webtiles) character file.

Game seed: 7586449097298697632

459 promet the Ruffian (level 6, -8/61 HPs)
             Began as a Troll Monk on May 24, 2023.
             Mangled by an orc
             ... wielding a +0 hand axe of distortion
              (22 damage)
             ... on level 4 of the Dungeon.
             The game lasted 00:15:02 (3842 turns).

promet the Ruffian (Troll Monk)                     Turns: 3842, Time: 00:15:04

Health: -8/61      AC:  4    Str: 20    XL:     6   Next: 78%
Magic:  5/5        EV: 10    Int:  8    God:
Gold:   32         SH:  0    Dex: 12    Spells: 5/5 levels left

rFire   . .          .
                       - Unarmed
rCold   . . .        (no shield)
rNeg    . . .        a - +0 robe
rPois   .            (helmet restricted)
rElec   .            t - scarf {repulsion}
rCorr   .            (gloves unavailable)
SInv    .            (boots unavailable)
Will    .....        (no amulet)
Stlth   +            (no ring)
HPRegen 1.10/turn    (no ring)
MPRegen 0.09/turn

%: repel missiles
@: studying Dodging
A: large, unfitting armour, claws 3, regeneration 1, shaggy fur 1, tough skin 1
a: no special abilities


You were on level 4 of the Dungeon.
You visited 1 branch of the dungeon, and saw 4 of its levels.

You collected 212 gold pieces.
You spent 180 gold pieces at shops.

Inventory:

Hand Weapons
 i - a +0 dagger of speed
 n - a +0 scythe
 r - a +0 hammer
 s - a +2 quarterstaff of chaos
 x - a +0 spear
 y - a +0 battleaxe
Missiles
 h - 6 atropa-tipped darts (quivered)
 l - 6 javelins
Armour
 a - a +0 robe (worn)
 c - an orb of light
 q - a +2 cloak
 t - a scarf of repulsion (worn)
Wands
 w - a wand of iceblast (7)
Scrolls
 m - a scroll of fog
 p - a scroll of enchant weapon
 u - a scroll of teleportation
 v - a scroll of enchant armour
Potions
 b - a potion of ambrosia
 d - 2 potions of might
 e - 2 potions of degeneration {unknown}
 f - a potion of mutation {unknown}
 g - a potion of haste {unknown}
 j - 2 potions of berserk rage {unknown}
 k - a potion of attraction {unknown}
 o - a potion of curing {unknown}


   Skills:
 + Level 3.0 Fighting
 + Level 1.4 Throwing
 + Level 3.2 Dodging
 + Level 0.7 Stealth
 * Level 6.4 Unarmed Combat


You had 5 spell levels left.
You didn't know any spells.
Your spell library contained the following spells:

 Spells                   Type           Power      Damage    Failure   Level
 Apportation              Tloc           0%         N/A       41%         1
 Necrotise                Necr           0%         1d4       41%         1
 Summon Small Mammal      Summ           0%         N/A       41%         1
 Poisonous Vapours        Pois/Air       0%         N/A       54%         2
 Mephitic Cloud           Conj/Pois/Air  0%         N/A       78%         3
 Freezing Cloud           Conj/Ice/Air   0%         6-21      100%        5


Dungeon Overview and Level Annotations

Branches:
Dungeon (4/15)
 Temple: D:4-7

Altars:
Xom

Shops:
D:4 *?[[


Innate Abilities, Weirdness & Mutations

You are too large for most types of armour.
You have claws for hands.
Your natural rate of healing is unusually fast.
You are covered in fur. (AC +1)
You have tough skin. (AC +1)


Message History

The orc wizard hits you with a +0 dagger.
You closely miss the orc wizard.
The orc wizard is lightly wounded.
The orc hits you with a +0 hand axe of distortion.
Space warps around you. The orc hits you but does no damage.
The orc wizard hits you with a +0 hand axe.
The orc wizard gestures at you while chanting.
You are confused.
The orc attacks as you move away! The orc barely misses you.
The orc wizard attacks as you move away!
The orc wizard hits you with a +0 dagger.
The orc attacks as you move away! The orc closely misses you.
The orc throws a boomerang.
The boomerang closely misses you.
You barely miss the orc wizard.
The orc wizard is lightly wounded.
The orc wizard attacks as you move away!
The orc wizard barely misses you. The orc completely misses you.
The orc closely misses you. The orc wizard casts a spell at you.
The magic dart hits you.
You are too confused!
Unknown command.
You are too confused!
The orc closely misses you.
You barely miss the orc.
The orc hits you with a +0 hand axe of distortion.
The orc hits you with a +0 flail.
The orc wizard hits you with a +0 hand axe.
You scratch the orc.
The orc is moderately wounded.
The goblin hits you but does no damage. The orc hits you but does no damage.
Space warps around you. The orc barely misses you.
The orc wizard closely misses you.
You claw the orc!
You kill the orc!
You feel less confused.
The orc hits you with a +0 hand axe of distortion!
* * * LOW HITPOINT WARNING * * *
Space warps horribly around you!!
You die...

####### ..##..##
.###...## ## .# ##...#
###.. ## ##..## ####....#
#>..## ####.......# ##
##...####...g......#
.#######........@).......
.....###.......ooo.......
.........###.............
........###..............
####)..## #..............
####..# #..............
#....## #..............
##.#..# #..............
......#####.............#


You could see 2 orc wizards, an orc and a goblin.

Vanquished Creatures
  Sigmund (D:2)
  An orc warrior (D:4)
  An ogre (D:4)
  Crazy Yiuf (D:2)
  2 adders (D:2)
  A worm (D:4)
  2 dart slugs
  3 orcs (D:4)
  9 ball pythons
  10 endoplasms
  5 giant cockroaches
  6 goblins
  4 hobgoblins (D:1)
  4 kobolds
  A quokka (D:4)
  6 bats
  A frilled lizard (D:3)
  5 rats
63 creatures vanquished.

Notes
Turn   | Place    | Note
-------+----------+-------------------------------------------
     0 | D:1      | promet the Troll Monk began the quest for the Orb.
     0 | D:1      | Reached XP level 1. HP: 22/22 MP: 0/0
    34 | D:1      | Reached XP level 2. HP: 29/29 MP: 1/1
   978 | D:2      | Reached XP level 3. HP: 36/36 MP: 2/2
  1260 | D:2      | Noticed Sigmund
  1271 | D:2      | Killed Sigmund
  1272 | D:2      | Reached skill level 5 in Unarmed Combat
  1272 | D:2      | Reached XP level 4. HP: 29/45 MP: 3/3
  1272 | D:2      | Reached XP level 5. HP: 35/53 MP: 4/4
  1639 | D:2      | Found a runed translucent door.
  1640 | D:2      | Noticed Crazy Yiuf
  1755 | D:2      | Killed Crazy Yiuf
  2229 | D:3      | Found a shimmering altar of Xom.
  2868 | D:4      | Noticed an ogre
  2868 | D:4      | Found Usmai's Armour Boutique.
  2905 | D:4      | Killed an ogre
  2906 | D:4      | Reached skill level 6 in Unarmed Combat
  2906 | D:4      | Reached XP level 6. HP: 40/61 MP: 5/5
  3418 | D:4      | Found Fyifoly's Armour Shoppe.
  3430 | D:4      | Found Ethrap's Magic Scroll Shoppe.
  3437 | D:4      | Noticed an orc warrior
  3449 | D:4      | Killed an orc warrior
  3450 | D:4      | Reached skill level 1 in Throwing
  3635 | D:4      | Bought a scroll of enchant weapon for 90 gold pieces
  3635 | D:4      | Bought a scroll of enchant armour for 90 gold pieces
  3710 | D:4      | Found Fovop's Assorted Antiques.
  3842 | D:4      | Mangled by an orc

Illustrated notes

Levels and vault maps discovered:
D:1:      erik_arrival_triangle_small, layout_basic, minmay_tall_x
D:2:      layout_rooms, uniq_crazy_yiuf_cottage, uniq_sigmund
D:3:      layout_loops_ring, mainiacjoe_overflow_tiny_flanked,
          serial_park_tiny_2, guppyfry_early_lair_pool
D:4:      layout_cave_pods, lemuel_doored_altar, marbit_many_paths,
          serial_shops, shop, nicolae_shop_competitors_out_of_business, shop,
          shop, kennysheep_mini, minmay_manual_mess

Skill      XL: |  1  2  3  4  5  6 |
---------------+-------------------+-----
Fighting       | 3 |  3.0
Dodging        | 3 |  3.2
Unarmed Combat | 5 6 |  6.4
Throwing       | 1 |  1.4
Stealth        | |  0.7

Action                     |  1- 3 |  4- 6 || total
---------------------------+-------+-------++-------
  Melee: Unarmed           |    60 |    60 ||   120
  Throw: Stone             |     3 |    49 ||    52
         Javelin           |     3 |       ||     3
         Dart              |     2 |     5 ||     7
  Evoke: Wand              |       |     2 ||     2
    Use: Scroll            |     5 |     2 ||     7
   Stab: Sleeping          |       |     3 ||     3
 Armour: Robe              |    28 |    14 ||    42
  Dodge: Dodged            |    38 |    35 ||    73
         Repelled          |       |     2 ||     2

Table legend: (Time is in decaauts)
 A = Elapsed time spent in this place.
 B = Non-inter-level travel time spent in this place.
 C = Inter-level travel time spent in this place.
 D = Time resting spent in this place.
 E = Time spent auto-exploring this place.
 F = Levels seen in this place.
 G = Mean time per level.
                   A        B        C        D        E       F      G
               +--------+--------+--------+--------+--------+-----+--------+
         Total |   3837 |   3615 |    222 |   1294 |   1281 |   4 |  959.2 |
       Dungeon |   3837 |   3615 |    222 |   1294 |   1281 |   4 |  959.2 |
               +--------+--------+--------+--------+--------+-----+--------+

Top non-repeatable levels by time:
     D:2: 1193 daAuts
     D:4: 949 daAuts
     D:1: 910 daAuts
     D:3: 784 daAuts
